 Dungeon Crawl Stone Soup version 0.31-a0-117-g42d8f58691 (webtiles) character file.

Game seed: 7873236231344336361

247 lunkers the Slasher (level 5, -1/42 HPs)
             Began as a Demigod Fighter on May 30, 2023.
             Slain by a ball python (2 damage)
             ... on level 3 of the Dungeon.
             The game lasted 00:02:37 (1871 turns).

lunkers the Slasher (Demigod Fighter)               Turns: 1871, Time: 00:02:38

Health: -1/42      AC: 12    Str: 17    XL:     5   Next: 54%
Magic:  0/7        EV: 10    Int: 10    God:
Gold:   164        SH:  5    Dex: 17    Spells: 4/4 levels left

rFire   . . .        a - +0 long sword
rCold   . . .        c - +0 buckler
rNeg    . . .        l - quicksilver dragon scales
rPois   .            u - +0 helmet
rElec   .            (no cloak)
rCorr   .            p - +0 pair of gloves
SInv    .            (no boots)
Will    +....        k - amulet of guardian spirit
Stlth   +            (no ring)
HPRegen 0.27/turn    (no ring)
MPRegen 0.10/turn

%: guardian spirit
@: no status effects
A: high MP 1, forlorn, divine attributes
a: no special abilities


You were on level 3 of the Dungeon.
You visited 1 branch of the dungeon, and saw 4 of its levels.

You collected 164 gold pieces.

Inventory:

Hand Weapons
 a - a +0 long sword (weapon)
Armour
 c - a +0 buckler (worn)
 l - quicksilver dragon scales (worn)
 p - a +0 pair of gloves (worn)
 u - a +0 helmet (worn)
 v - a +0 cloak
Jewellery
 k - an amulet of guardian spirit (around neck)
Scrolls
 b - a scroll of teleportation {unknown}
 e - a scroll of brand weapon {unknown}
 g - a scroll of magic mapping {unknown}
 q - a scroll of poison {unknown}
 t - a scroll of blinking {unknown}
Potions
 d - a potion of might
 f - 4 potions of curing {unknown}
 h - 2 potions of resistance {unknown}
 i - a potion of brilliance {unknown}
 j - a potion of haste {unknown}
 m - a potion of invisibility {unknown}
 n - a potion of enlightenment {unknown}
 o - a potion of attraction {unknown}
 r - a potion of lignification {unknown}
 s - 2 potions of mutation {unknown}


   Skills:
 - Level 2.6 Fighting
 + Level 5.7 Long Blades
 - Level 2.6 Armour
 - Level 2.6 Shields


You had 4 spell levels left.
You didn't know any spells.
Your spell library contained the following spells:

 Spells                   Type           Power      Damage    Failure   Level
 Scorch                   Fire           0%         2d5       80%         2
 Flame Wave               Conj/Fire      0%         2d4       100%        4
 Summon Cactus Giant      Summ           0%         N/A       100%        6


Dungeon Overview and Level Annotations

Branches:
Dungeon (4/15)
 Temple: D:4-7

Shops:
D:1 ?


Innate Abilities, Weirdness & Mutations

You have an increased reservoir of magic. (+10% MP)
You shall have no god before yourself.
Your divine heritage dramatically boosts your attributes as you level up.


Message History

The ball python attacks as you move away!
The ball python bites you but does no damage.
The orc attacks as you move away! You block the orc's attack.
The orc attacks as you move away! The orc hits you but does no damage.
The ball python attacks as you move away!
The ball python barely misses you.
The orc priest miscasts a cantrip.
The orc attacks as you move away! The orc hits you but does no damage.
Found a scroll labelled TUOMOL REHAFUH.
The howler monkey hoots and howls with incredible vigour!
You hear a shout!
There is an escape hatch in the ceiling here.
The ball python barely misses you. The ball python grabs you.
You stop ascending the stairs.
The ball python constricts you.
The ball python bites you but does no damage.
The orc hits you with a +0 mace.
* * * LOW HITPOINT WARNING * * *
The ball python bites you.
* * * LOW MAGIC WARNING * * *
* * * LOW HITPOINT WARNING * * *
The ball python constricts you. The ball python bites you.
* * * LOW HITPOINT WARNING * * *
Unknown command.
Unknown command.
Unknown command.
You escape the ball python's grasp.
The orc wizard casts a spell.
The orc wizard flickers and vanishes!
The ball python bites you but does no damage.
You block the ball python's attack. A mysterious force pulls you upwards.
The hatch slams shut behind you.
Reactivating autopickup.
You barely miss the orc.
The ball python bites you but does no damage.
The ball python barely misses you. The orc hits you with a +0 mace.
* * * LOW MAGIC WARNING * * *
* * * LOW HITPOINT WARNING * * *
The ball python bites you but does no damage.
You block the ball python's attack. The ball python bites you.
You die...

.# #.# #......# .# #.#
####.##### .######## ##'##
#.....# ........# ##...##
#####.# ........###.....##
##.# ###.#...##.......## ##..#
##.....)..........####...#####
.................S'..........#
##.............o@S##.#...###.#
###.#...##.......###.##..# #.#
###.#...###.....## #.###.# #.#
........# ##...## #.# #.# #.#
###.##### ##'## #.###.###.#
#.# #.# #.........# #.# #.#
#####.##### #.# #####.## #[#
#.# ##......## #.#


You could see an orc and 2 ball pythons.

Vanquished Creatures
  A scorpion (D:4)
  An orc wizard (D:4)
  8 adders
  3 worms
  6 dart slugs
  2 orcs (D:3)
  3 bats
  4 endoplasms
  5 giant cockroaches
  4 goblins
  5 hobgoblins
  10 jackals (D:1)
  9 ball pythons
  A frilled lizard (D:2)
  7 kobolds
  2 rats
71 creatures vanquished.

Notes
Turn   | Place    | Note
-------+----------+-------------------------------------------
     0 | D:1      | lunkers the Demigod Fighter began the quest for the Orb.
     0 | D:1      | Reached XP level 1. HP: 18/18 MP: 3/3
    23 | D:1      | Reached skill level 2 in Long Blades
    89 | D:1      | Reached XP level 2. HP: 25/25 MP: 4/4
   193 | D:1      | Reached skill level 3 in Long Blades
   250 | D:1      | Found Teys's Magic Scroll Emporium.
   266 | D:1      | Reached XP level 3. HP: 16/30 MP: 5/5
   641 | D:2      | Reached skill level 4 in Long Blades
   717 | D:2      | Reached XP level 4. HP: 37/37 MP: 6/6
  1813 | D:4      | Reached skill level 5 in Long Blades
  1813 | D:4      | Reached XP level 5. HP: 42/42 MP: 7/7
  1848 | D:4      | Noticed an ogre
  1871 | D:3      | HP: 1/42 [orc/+0 mace (3)]
  1871 | D:3      | Slain by a ball python

Illustrated notes

Levels and vault maps discovered:
D:1:      psy_arrival_fountain, layout_basic, serial_shops, shop,
          chequers_serial_rivers_room_b, st_stairs_9
D:2:      layout_basic, kennysheep_doodads, minmay_strange_pillars
D:3:      layout_loops_corners
D:4:      layout_cave_pools, serial_shops, shop

Skill      XL: |  1  2  3  4 |
---------------+-------------+-----
Long Blades    | 2 3 4 5 |  5.7
Fighting       | |  2.6
Armour         | |  2.6
Shields        | |  2.6

Action                     |  1- 3 |  4- 6 || total
---------------------------+-------+-------++-------
  Melee: Long sword        |   117 |   116 ||   233
 Armour: Scale mail        |    39 |       ||    39
         Quicksilver drago |    25 |    94 ||   119
  Dodge: Dodged            |    78 |    73 ||   151
  Block: Buckler           |    32 |    41 ||    73

Table legend: (Time is in decaauts)
 A = Elapsed time spent in this place.
 B = Non-inter-level travel time spent in this place.
 C = Inter-level travel time spent in this place.
 D = Time resting spent in this place.
 E = Time spent auto-exploring this place.
 F = Levels seen in this place.
 G = Mean time per level.
                   A        B        C        D        E       F      G
               +--------+--------+--------+--------+--------+-----+--------+
         Total |   1928 |   1872 |     56 |      0 |   1313 |   4 |  482.0 |
       Dungeon |   1928 |   1872 |     56 |      0 |   1313 |   4 |  482.0 |
               +--------+--------+--------+--------+--------+-----+--------+

Top non-repeatable levels by time:
     D:3: 827 daAuts
     D:2: 583 daAuts
     D:1: 438 daAuts
     D:4: 79 daAuts
